Map: Eastwatch LE

Players

TRUE

  • Race: Zerg Zerg
  • Spawn Location: 1:00

Scarlett - Winner!

  • Race: Zerg Zerg
  • Spawn Location: 7:00

Event: IEM Season 12 - Katowice

VOD

Have the link to the VOD?

Description

Time

  • Played on: Feb. 26, 2018, 2:11 p.m.
  • Length: 11:19

All games in this series

Show
View Real Time Build Order
Export as new Build Order

TRUE Zerg 

Build Orders: Hatch First, Zergling Baneling 

Get SALT Encoding   

  12  0:00  Drone  
  13  0:11  Overlord  
  13  0:16  Drone  
  14  0:30  Drone x2  
  14  0:33  Drone  
  17  0:52  Hatchery  
  17  0:55  Drone  
  17  0:58  Drone  
  17  1:03  Extractor  
  17  1:13  Spawning Pool  
  17  1:17  Drone  
  17  1:20  Drone  
  18  1:28  Drone  
  19  1:38  Overlord  
  19  1:57  Drone  
  19  2:01  Queen  
  20  2:03  Queen, Metabolic Boost  
  20  2:04  Drone  
  26  2:08  Zergling x2  
  26  2:13  Drone  
  27  2:16  Drone  
  27  2:21  Drone  
  29  2:26  Baneling Nest  
  29  2:28  Drone  
  29  2:34  Zergling x2  
  29  2:36  Drone  
  31  2:46  Zergling x2  
  31  2:47  Zergling x2  
  33  2:54  Overlord  
  33  3:07  Hatchery  
  32  3:18  Drone x5  
  32  3:19  Drone  
  38  3:20  Overlord  
  37  3:29  Zergling x6  
  37  3:30  Zergling x2  
  41  3:40  Zergling x2  
  41  3:41  Zergling x2  
  41  3:42  Overlord  
  41  3:44  Zergling x4  
  41  3:46  Zergling x4  
  45  3:53  Zergling x2  
  45  3:55  Roach Warren  
  45  3:56  Zergling x2  
  45  3:58  Baneling  
  45  3:59  Baneling x3  
  45  4:05  Baneling x2  
  45  4:06  Zergling x4  
  47  4:10  Extractor  
  47  4:15  Zergling x8  
  50  4:17  Baneling x2  
  50  4:19  Zergling x2  
  49  4:24  Zergling x4  
  49  4:26  Zergling x2  
  49  4:28  Baneling x2  
  52  4:37  Roach  
  54  4:39  Roach  
  54  4:44  Roach  
  58  4:48  Roach  
  59  4:55  Zergling x2  
  59  4:56  Roach, Zergling x8  
  65  5:04  Overlord  
  63  5:08  Roach  
  63  5:11  Roach x2  
  63  5:13  Overlord  
  66  5:19  Roach  
  66  5:20  Roach  
  64  5:22  Roach  
  64  5:25  Roach  
  64  5:28  Zergling x2  
  68  5:30  Roach  
  68  5:31  Zergling x6  
  68  5:34  Roach  
  75  5:38  Zergling x2  
  75  5:41  Zergling x2  
  76  5:45  Zergling x2  
  76  5:46  Baneling x2  
  76  5:54  Zergling x4  
  76  5:55  Zergling x2  
  76  5:56  Zergling x4  
  81  5:58  Overlord  
  81  5:59  Zergling x2  
  81  6:01  Zergling x4  
  81  6:03  Zergling x4  
  81  6:08  Zergling x2  
  82  6:11  Baneling x2  
  82  6:17  Lair  
  81  6:20  Evolution Chamber  
  75  6:39  Zergling x24  
  82  6:43  Zergling x2  
  74  6:47  Zergling x2  
  74  6:50  Zergling x2  
  74  6:54  Zergling x2  
  69  6:55  Zergling x2  
  68  7:02  Zergling x2  
  68  7:07  Zergling x2  
  68  7:08  Zergling x2  
  69  7:12  Zergling x2  
  69  7:14  Zergling x2  
  65  7:16  Zergling x2  
  65  7:17  Baneling x3  
  65  7:18  Baneling x5  
  54  7:23  Zergling x2  
  54  7:26  Zergling x2  
  54  7:27  Zergling x2  
  48  7:31  Zergling x2  
  48  7:32  Zergling x2  
  48  7:33  Zergling x4  
  51  7:37  Zergling x2  
  51  7:40  Spire  
  51  7:41  Zergling x2  
  51  7:44  Zergling x2  
  51  7:51  Roach  
  43  7:59  Extractor x2  
  43  8:01  Drone  
  43  8:02  Drone x4  
  43  8:03  Drone x3  
  49  8:10  Drone  
  49  8:11  Drone, Queen  
  53  8:24  Drone  
  53  8:26  Extractor  
  52  8:27  Extractor  
  52  8:31  Overlord  
  52  8:33  Drone  
  52  8:41  Drone  
  52  8:42  Drone x3  
  56  8:51  Mutalisk  
  56  8:52  Mutalisk x4  
  66  8:57  Mutalisk  
  68  9:03  Mutalisk  
  68  9:07  Mutalisk  
  71  9:12  Mutalisk  
  73  9:19  Mutalisk  
  73  9:22  Mutalisk  
  76  9:28  Mutalisk  
  76  9:34  Mutalisk  
  76  9:38  Zergling x6  
  81  9:43  Mutalisk  
  82  9:48  Mutalisk  
  81  9:56  Mutalisk  
  76  10:04  Mutalisk  
  62  10:10  Zergling x6  
  59  10:16  Zergling x2  
  54  10:29  Zergling x2  
  44  10:59  Zergling x2  
  44  11:01  Zergling x2  
Show
View Real Time Build Order
Export as new Build Order

Scarlett Zerg - Winner!

Build Orders: Hatch First 

Get SALT Encoding   

  12  0:00  Drone  
  13  0:12  Overlord  
  13  0:17  Drone  
  14  0:31  Drone x2  
  14  0:35  Drone  
  17  0:51  Hatchery  
  17  0:54  Drone  
  17  0:57  Drone  
  18  1:06  Extractor  
  17  1:13  Spawning Pool  
  17  1:15  Drone  
  17  1:19  Drone  
  18  1:28  Drone  
  19  1:39  Drone  
  20  1:49  Drone  
  21  1:57  Evolution Chamber  
  21  1:59  Queen  
  22  2:03  Drone x2, Queen  
  26  2:10  Overlord  
  26  2:25  Drone  
  26  2:26  Drone  
  26  2:27  Zerg Ground Armor Level 1  
  28  2:35  Queen  
  30  2:38  Overlord  
  30  2:39  Drone  
  31  2:44  Drone x2  
  31  2:46  Drone  
  34  2:54  Zergling x2  
  35  3:00  Zergling x2  
  38  3:05  Drone  
  38  3:08  Drone x3  
  38  3:11  Metabolic Boost  
  41  3:12  Drone  
  41  3:13  Drone x2  
  43  3:30  Overlord, Zergling x2  
  44  3:43  Overlord  
  44  3:44  Drone, Hatchery  
  44  3:48  Queen  
  43  3:50  Drone  
  43  3:55  Drone  
  47  3:56  Zergling x8  
  47  3:57  Zergling x2  
  47  4:01  Overlord  
  52  4:08  Roach Warren, Extractor  
  52  4:09  Zergling x4  
  52  4:13  Lair  
  52  4:19  Zergling x4  
  52  4:23  Zerg Missile Weapons Level 1  
  52  4:25  Zergling x4  
  52  4:29  Extractor  
  53  4:34  Zergling x8  
  57  4:40  Zergling x6  
  60  4:50  Roach x2  
  63  4:59  Roach  
  63  5:08  Roach x5  
  69  5:17  Drone  
  69  5:18  Drone  
  69  5:19  Drone x4  
  72  5:28  Drone  
  73  5:29  Overlord  
  73  5:35  Glial Reconstitution  
  73  5:42  Drone x3  
  72  5:58  Drone x8  
  72  6:00  Roach  
  82  6:07  Overlord x3  
  82  6:20  Overlord  
  82  6:26  Roach x5  
  81  6:42  Roach x2  
  76  6:47  Roach  
  76  6:49  Zergling x18  
  76  6:51  Queen  
  76  6:53  Zergling x6  
  74  6:54  Queen  
  74  7:03  Roach x3  
  73  7:13  Roach x2  
  73  7:14  Roach  
  75  7:19  Roach  
  68  7:26  Roach x2, Queen  
  68  7:27  Roach  
  71  7:31  Roach, Zergling x4  
  71  7:32  Zergling x2  
  71  7:36  Queen  
  76  7:42  Roach  
  78  7:44  Drone x2  
  78  7:45  Roach  
  78  7:46  Queen  
  83  7:54  Drone  
  83  7:55  Drone  
  84  8:08  Drone x9  
  84  8:10  Extractor  
  92  8:13  Zerg Missile Weapons Level 2  
  92  8:18  Roach  
  94  8:23  Roach x2  
  97  8:27  Overlord  
  97  8:30  Overlord  
  97  8:31  Roach  
  99  8:36  Extractor  
  99  8:38  Drone x4  
  99  8:40  Roach  
  104  8:46  Roach x3  
  110  8:53  Roach  
  110  8:54  Roach x2  
  116  8:57  Overlord  
  116  9:00  Roach x3  
  116  9:01  Hatchery  
  121  9:06  Roach x4  
  129  9:18  Roach x4  
  137  9:32  Overlord x2  
  137  9:33  Overlord x2  
  137  9:43  Queen  
  137  9:44  Hydralisk Den  
  137  9:45  Queen  
  138  9:47  Queen  
  131  10:10  Zergling x22  
  134  10:15  Hydralisk x3  
  134  10:16  Nydus Network  
  127  10:23  Hydralisk x5  
  123  10:29  Hydralisk x2  
  125  10:37  Hydralisk  
  125  10:38  Hydralisk x3  
  121  10:48  Spore Crawler  
  120  10:52  Hydralisk  
  120  10:53  Hydralisk x4  

Tags
 
Add a new tag
Caveats
  • Supply blocks, unpowered buildings, or Contaminate may cause inaccurate times.
  • Supply counts are checked every 10 seconds.